 Dungeon Crawl Stone Soup version 0.29.0-4-gdea44cf6ec (webtiles) character file.

Game seed: 16217711557592150636

51 qw the Ruffian (level 3, 0/28 HPs)
             Began as a Ghoul Fire Elementalist on Aug 29, 2022.
             Slain by Terence
             ... wielding a +0 morningstar
              (5 damage)
             ... on level 3 of the Dungeon.
             The game lasted 00:01:50 (2515 turns).

qw the Ruffian (Ghoul Fire Elementalist)            Turns: 2515, Time: 00:01:50

Health: 0/28       AC: 11    Str: 13    XL:     3   Next: 83%
Magic:  4/4        EV: 10    Int: 10    God:
Gold:   128        SH:  0    Dex:  9    Spells: 4/5 levels left

rFire   . . .      SeeInvis .     - Unarmed
rCold   + . .      Faith    .   (no shield)
rNeg    + + +      Spirit   .   i - +0 ring mail
rPois   inf        Reflect  .   (no helmet)
rElec   .          Harm     .   (no cloak)
rCorr   .          Rampage  .   k - +1 pair of gloves
Will    .....                   (no boots)
Stlth   +.........              (no amulet)
HPRegen 0.00/turn               a - +4 ring of protection
MPRegen 0.09/turn               (no ring)

@: inhibited regen
A: claws 1, cold resistance 1, negative energy resistance 3, inhibited
regeneration, torment resistance 2, devour on kill
a: no special abilities


You were on level 3 of the Dungeon.
You visited 1 branch of the dungeon, and saw 3 of its levels.

You collected 128 gold pieces.


Innate Abilities, Weirdness & Mutations

You are immune to poison.
You have sharp fingernails.
Your flesh is cold resistant. (rC+)
You are immune to negative energy. (rN+++)
You do not regenerate when monsters are visible.
You are immune to unholy pain and torment.
You thrive by killing the living.


   Skills:
 - Level 1.0 Fighting
 - Level 1.7 Dodging
 - Level 2.1 Stealth
 + Level 3.3 Unarmed Combat
 - Level 1.7 Spellcasting
 - Level 0.7 Conjurations
 - Level 2.4 Fire Magic


You had 4 spell levels left.
You knew the following spells:

 Your Spells              Type           Power      Damage    Failure   Level
a - Foxfire               Conj/Fire      16%        2x1d4     36%         1

Your spell library contained the following spells:

 Spells                   Type           Power      Damage    Failure   Level
 Scorch                   Fire           10%        2d5       36%         2
 Conjure Flame            Conj/Fire      4%         6-21      73%         3
 Inner Flame              Hex/Fire       3%         N/A       78%         3
 Flame Wave               Conj/Fire      4%         2d5       98%         4

Inventory:

Armour
 f - a +0 helmet
 i - a +0 ring mail (worn)
 k - a +1 pair of gloves (worn)
Jewellery
 a - a +4 ring of protection (left hand)
 d - an amulet of the acrobat
 g - a ring of ice
Scrolls
 c - a scroll of vulnerability {unknown}
 e - 3 scrolls of identify
 m - 3 scrolls of butterflies {unknown}
Potions
 b - a potion of cancellation {unknown}
 h - a potion of lignification {unknown}
 j - a potion of curing {unknown}
 l - a potion of resistance {unknown}
 n - a potion of might {unknown}

Dungeon Overview and Level Annotations

Branches:
Dungeon (3/15)

Altars:
Sif Muna

Shops:
D:1 [

Annotations:
D:3 Terence


Message History

Enter note: Terence the Incautious comes into view.
He is wielding a +0 morningstar.
Terence shouts!
Enter note:
Enter note: You hit Terence but do no damage.
Terence barely misses you.
You closely miss Terence. Terence hits you with a +0 morningstar!
You barely miss Terence. Terence hits you with a +0 morningstar.
You hit Terence but do no damage. Terence closely misses you.
You barely miss Terence. Terence hits you with a +0 morningstar!
You hit Terence but do no damage.
Terence shouts, "Get ready for death!"
Terence closely misses you.
You barely miss Terence. Terence closely misses you.
You hit Terence but do no damage.
Terence shouts, "ATTACK!!!"
Terence misses you.
You hit Terence but do no damage. Terence hits you with a +0 morningstar.
You hit Terence.
Terence is lightly wounded.
You closely miss Terence.
Terence is lightly wounded.
Terence completely misses you.
You hit Terence but do no damage.
Terence is lightly wounded.
Terence closely misses you.
You hit Terence.
Terence is moderately wounded.
Terence hits you but does no damage.
You hit Terence.
Terence is moderately wounded.
Terence hits you with a +0 morningstar.
You die...

###.#.#.....
...>#....... ... ..#
....#....... #.# ..#
..#.#...[... #.# ..#
......<..... #.# ..#
###......#.. #.# ..#
.......#.#...#.# ..#
####...#.#...#.##@.##
.........#......@...#
####...#.#.#.#.###.##
####.....#.#.#.# #
.........#.#.#.#
##########.#.#.#
..<..........#.#
##.............#
...#######.#######
##.#.#####........


You could see Terence.

Vanquished Creatures
  2 adders
  A worm (D:2)
  A dart slug (D:2)
  2 endoplasms
  6 goblins
  A hobgoblin (D:1)
  A quokka (D:2)
  2 ball pythons
  4 bats
  3 frilled lizards
  5 kobolds
  3 rats
31 creatures vanquished.

Notes
Turn   | Place    | Note
-------+----------+-------------------------------------------
     0 | D:1      | qw the Ghoul Fire Elementalist began the quest for the Orb.
     0 | D:1      | Reached XP level 1. HP: 14/14 MP: 2/2
     0 | D:1      | 0 ||| qw: Version: 0.1-a-90-g952f4b7
     0 | D:1      | 0 ||| qw: Game counter: 3899
     0 | D:1      | 0 ||| qw: Always use a shield: true
     0 | D:1      | 0 ||| qw: God list: Okawaru
     0 | D:1      | 0 ||| qw: Allow faded altars: false
     0 | D:1      | 0 ||| qw: Do Orc after D:15 true
     0 | D:1      | 0 ||| qw: Do second Lair branch before Depths: true
     0 | D:1      | 0 ||| qw: Lair rune preference: random
     0 | D:1      | 0 ||| qw: Plans: Normal
     0 | D:1      | 0 ||| PLANNING D:1-11
   144 | D:1      | Reached skill level 1 in Unarmed Combat
   220 | D:1      | Found a faded altar of an unknown god.
   284 | D:1      | Found Umamauff's Armour Shoppe.
   290 | D:1      | 290 ||| SHOPLISTING +0 helmet (54 gold, have 32).
   290 | D:1      | 290 ||| SHOPLISTING +0 ring mail (48 gold, have 32).
   290 | D:1      | 290 ||| SHOPLISTING +2 helmet of see invisible (258 gold,
                  | have 32).
   290 | D:1      | 290 ||| SHOPLISTING +3 chain mail of willpower (318 gold,
                  | have 32).
   454 | D:1      | Reached skill level 1 in Fighting
   454 | D:1      | Reached XP level 2. HP: 23/23 MP: 3/3
   690 | D:1      | 690 ||| UPGRADING to +0 pair of gloves.
   695 | D:1      | 695 ||| UPGRADING to +0 leather armour.
   705 | D:1      | 705 ||| DROPPING +0 robe.
   706 | D:1      | 706 ||| UPGRADING to +0 ring mail.
   716 | D:1      | 716 ||| DROPPING +0 leather armour.
   717 | D:1      | 717 ||| DROPPING amulet of magic regeneration.
   718 | D:1      | 718 ||| READING scroll labelled QEPTISHR ZUSE.
   719 | D:1      | 719 ||| READING scroll labelled OTOEBLUAPO.
   720 | D:1      | 720 ||| READING scroll labelled BUTISY HUUWUSEPN.
   721 | D:1      | 721 ||| DROPPING potion of magic.
   774 | D:2      | Reached skill level 2 in Unarmed Combat
   811 | D:2      | Found a shimmering blue altar of Sif Muna.
   880 | D:2      | 880 ||| Stepping ~*~*~tactically~*~*~ (hiding).
   982 | D:2      | 982 ||| Stepping ~*~*~tactically~*~*~ (hiding).
   983 | D:2      | 983 ||| Stepping ~*~*~tactically~*~*~ (hiding).
  1113 | D:2      | Reached XP level 3. HP: 28/28 MP: 4/4
  1708 | D:2      | Reached skill level 3 in Unarmed Combat
  1863 | D:2      | 1863 ||| UPGRADING to +1 pair of gloves.
  1873 | D:2      | 1873 ||| DROPPING +0 pair of gloves.
  1874 | D:2      | 1874 ||| UPGRADING to +4 ring of protection.
  1875 | D:2      | 1875 ||| READING scroll labelled DOAHAG REEWY.
  1878 | D:2      | 1878 ||| READING scroll labelled XINEXE UBBOO.
  1879 | D:2      | 1879 ||| READING scroll labelled QEHUEGI EGOS.
  1980 | D:2      | 1980 ||| READING scroll labelled LESUWOUGIS.
  2088 | D:3      | 2088 ||| Stepping ~*~*~tactically~*~*~ (stealth).
  2499 | D:3      | Noticed Terence
  2506 | D:3      | HP: 7/28 [Terence/+0 morningstar (9)]
  2515 | D:3      | Slain by Terence

Levels and vault maps discovered:
D:1:      ebering_trefoil_3fold, layout_rooms, chequers_ecumenical_altar_lobes,
          serial_shops, shop_fountains, chequers_serial_rivers_small_b
D:2:      layout_loops_cross, basic_altar
D:3:      layout_basic, minmay_tree_intersection, kennysheep_minor_cross,
          uniq_terence

Skill      XL: |  1  2  3 |
---------------+----------+-----
Unarmed Combat | 1 2 3 |  3.3
Fighting       | 1 |  1.0
Dodging        | |  1.7
Stealth        | |  2.1
Spellcasting   | |  1.7
Conjurations   | |  0.7
Fire Magic     | |  2.4

Action                   || total
-------------------------++-------
Melee: Unarmed           ||   128
       Punch             ||     6
  Use: Scroll            ||     7
Armor: Ring mail         ||    19
       Robe              ||     7
Dodge: Dodged            ||    65

Table legend:
 A = Non-vault XP
 B = Vault XP
 C = Vault XP percentage of total XP
 D = Non-vault monster count
 E = Vault monster count
 F = Vault count percentage of total count
                 A         B        C        D         E       F
            +---------+---------+-------+---------+---------+-------
      Total |      74 |       0 |   0.0 |      31 |       0 |   0.0
            +---------+---------+-------+---------+---------+-------
        D:1 |      21 |       0 |   0.0 |      13 |       0 |   0.0
        D:2 |      34 |       0 |   0.0 |      12 |       0 |   0.0
        D:3 |      19 |       0 |   0.0 |       6 |       0 |   0.0
            +---------+---------+-------+---------+---------+-------
